 Dungeon Crawl Stone Soup version 0.22-b1-26-g9dbaab1 (webtiles) character file.

148 Lilu the Covert (level 5, 0/34 HPs)
             Began as an Octopode Assassin on Aug 8, 2018.
             Succumbed to a worker ant's poison
             ... on level 3 of the Dungeon.
             The game lasted 00:06:43 (1993 turns).

Lilu the Covert (Octopode Assassin)                 Turns: 1993, Time: 00:06:43

Health: 0/34       AC:  1    Str:  7 (10) XL:     5   Next: 30%
Magic:  5/5        EV: 12    Int: 11 (13) God:
Gold:   138        SH:  0    Dex: 12 (15) Spells: 4/4 levels left

rFire    . . .     SeeInvis .   j - +2 dagger (protect)
rCold    . . .     Gourm    .   (no shield)
rNeg     . . .     Faith    +   (helmet restricted)
rPois    .         Spirit   .   q - amulet of faith
rElec    .         Reflect  .   (no ring)
rCorr    .         Harm     .   (no ring)
MR       .....                  (no ring)
Stlth    +++++.....             (no ring)
HPRegen  0.11/turn              (no ring)
MPRegen  0.09/turn              (no ring)
                                (no ring)
                                (no ring)

@: lethally poisoned (0 -> -13)
A: almost no armour, stealthy swim, amphibious, 8 rings, constrict 8, camouflage
1, gelatinous body 1
a: no special abilities


You were on level 3 of the Dungeon.
You were not hungry.

You visited 1 branch of the dungeon, and saw 3 of its levels.

You collected 138 gold pieces.

Inventory:

Hand Weapons
 b - a +0 blowgun
 j - a +2 dagger of protection (weapon)
 l - a +1 hunting sling of velocity
Missiles
 c - 8 poisoned needles
 d - 2 curare-tipped needles
 m - 130 arrows
 n - 90 stones (quivered)
 o - 29 sling bullets
Jewellery
 q - an amulet of faith (around mantle)
Scrolls
 e - a scroll of amnesia {unknown}
 g - 3 scrolls of identify {unknown}
 h - 2 scrolls of remove curse {unknown}
 s - a scroll of magic mapping {unknown}
Potions
 a - a potion of degeneration
 i - a potion of might {unknown}
 k - a potion of mutation {unknown}
 r - 2 potions of curing {unknown}
Comestibles
 f - 4 rations
 p - 16 chunks of flesh


   Skills:
 + Level 2.1 Fighting
 - Level 3.1 Short Blades
 - Level 2.0 Throwing
 - Level 1.0 Dodging
 * Level 8.2 Stealth


You had 4 spell levels left.
You didn't know any spells.
Your spell library was empty.

Dungeon Overview and Level Annotations

Branches:
Dungeon (3/15)

Altars:
Vehumet


Innate Abilities, Weirdness & Mutations

You cannot wear most types of armour.
You are very stealthy in the water. (Stealth+)
You are amphibious.
You can wear up to eight rings at the same time.
You can use your tentacles to constrict eight enemies at once.
Your skin changes colour to match your surroundings (Stealth+).
Your rubbery body absorbs attacks. (AC +1, EV +1)


Message History

* * * LOW HITPOINT WARNING * * *
You release your grip on the worker ant.
There is an escape hatch in the ceiling here.
The worker ant bites you.
* * * LOW HITPOINT WARNING * * *
You are lethally poisoned!
The worker ant poisons you!
* * * LOW HITPOINT WARNING * * *
You feel sick.
* * * LOW HITPOINT WARNING * * *
You feel sick.
You see here a hobgoblin skeleton.
It was a potion of degeneration.
There was something very wrong with that liquid.
You feel weakened.
You feel dopey.
You feel clumsy. The worker ant bites you.
* * * LOW HITPOINT WARNING * * *
You are more poisoned.
The worker ant poisons you!
You die...

######### ##### #.......#
#...# #.......# #...#
#.......###### # #...#
#............# ...
#...#####.....÷.)....####.....
#..g....g.g..a÷@..............
#...#####...gS................
##...# ####.###.....###....b.
....S########.# #.....# .....l
.#............# #.....# .....
.#..g.........###.##### .....
#.?..........#...# ...w
#..g....[....#.### ####
#..............#


You could see a worker ant, 2 gnolls, an adder and a goblin.

Vanquished Creatures
  A hound (D:2)
  5 adders (D:2)
  An ooze (D:3)
  3 worms (D:2)
  2 leopard geckos
  3 giant cockroaches
  7 goblins
  7 hobgoblins
  4 jackals (D:3)
  A quokka (D:2)
  7 bats
  A frilled lizard (D:1)
  12 kobolds
  5 rats
59 creatures vanquished.

Notes
Turn   | Place    | Note
-------+----------+-------------------------------------------
     0 | D:1      | Lilu the Octopode Assassin began the quest for the Orb.
     0 | D:1      | Reached XP level 1. HP: 14/14 MP: 1/1
    79 | D:1      | Reached XP level 2. HP: 16/19 MP: 2/2
   173 | D:1      | Reached skill level 6 in Stealth
   730 | D:2      | Reached skill level 7 in Stealth
   730 | D:2      | Reached XP level 3. HP: 24/24 MP: 3/3
   814 | D:2      | Reached XP level 4. HP: 25/29 MP: 4/4
  1316 | D:2      | Reached skill level 8 in Stealth
  1506 | D:2      | Reached XP level 5. HP: 30/34 MP: 5/5
  1665 | D:2      | Found a radiant altar of Vehumet.
  1992 | D:3      | HP: 1/34 [worker ant (2)]
  1993 | D:3      | Succumbed to a worker ant's poison

Skill      XL: |  1  2  3  4  5 |
---------------+----------------+-----
Stealth        | 7 8 |  8.2
Short Blades   | 3 |  3.1
Fighting       | |  2.1
Throwing       | |  2.0
Dodging        | |  1.0

Action                   |  1- 3 |  4- 6 || total
-------------------------+-------+-------++-------
Melee: Dagger            |    47 |    79 ||   126
       Constrict         |    12 |    18 ||    30
       Tentacles         |     7 |    17 ||    24
  Use: Potion            |       |     1 ||     1
 Stab: Sleeping          |     9 |    10 ||    19
  Eat: Chunk             |       |     3 ||     3
Armor: Skin              |     6 |    28 ||    34
Dodge: Dodged            |    17 |    70 ||    87
